 Dungeon Crawl Stone Soup version 0.29-a0-322-g68df515428 (webtiles) character file.

Game seed: 3728880974130220877

10 calli0pe the Slasher (level 2, -5/24 HPs)
             Began as a Human Cinder Acolyte on Apr 7, 2022.
             Was a High Priest of Ignis.
             Slain by an orc
             ... wielding a +0 flail
              (9 damage)
             ... on level 3 of the Dungeon.
             The game lasted 00:01:43 (287 turns).

calli0pe the Slasher (Human Cinder Acolyte)          Turns: 287, Time: 00:01:43

Health: -5/24      AC:  2    Str: 14    XL:     2   Next: 30%
Magic:  3/3        EV: 11    Int: 14    God:    Ignis [*****.]
Gold:   0          SH:  0    Dex:  8    Spells: 3/3 levels left

rFire   + . .      SeeInvis .   a - -1 falchion (flame)
rCold   . . .      Faith    .   (no shield)
rNeg    . . .      Spirit   .   b - +0 robe
rPois   .          Reflect  .   (no helmet)
rElec   .          Harm     .   (no cloak)
rCorr   .          Rampage  .   (no gloves)
Will    .....                   (no boots)
Stlth   +.........              (no amulet)
HPRegen 0.08/turn               (no ring)
MPRegen 0.08/turn               (no ring)

@: no status effects
A: no striking features
a: Renounce Religion, Fiery Armour, Foxfire Swarm, Rising Flame


You were on level 3 of the Dungeon.
You worshipped Ignis.
Ignis was extremely pleased with you.
You visited 1 branch of the dungeon, and saw 4 of its levels.

Inventory:

Hand Weapons
 a - a -1 falchion of flaming (weapon)
Armour
 b - a +0 robe (worn)
Scrolls
 c - a scroll of immolation {unknown}
 d - a scroll of teleportation {unknown}
 e - a scroll of vulnerability {unknown}
 f - a scroll of noise {unknown}


   Skills:
 + Level 3.0 Fighting
 + Level 3.4 Long Blades
 + Level 1.0 Spellcasting
 + Level 3.1 Fire Magic


You had 3 spell levels left.
You didn't know any spells.
Your spell library contained the following spells:

 Spells                   Type           Power      Damage    Failure   Level
 Scorch                   Fire           18%        2d6       11%         2
 Dazzling Flash           Conj/Hex       0%         N/A       61%         3
 Agony                    Necr           0%         N/A       100%        5
 Silence                  Hex/Air        0%         N/A       100%        5


Dungeon Overview and Level Annotations

Branches:
Dungeon (4/15)
 Temple: D:4-7

Altars:
Qazlal

Annotations:
D:4 Dowan, Duvessa


Message History

You hit the orc but do no damage. The orc hits you with a +0 short sword.
* * * LOW HITPOINT WARNING * * *
You barely miss the orc. The orc hits you but does no damage.
You slash the orc! You burn the orc.
You kill the orc!
You hit the frilled lizard. You burn the frilled lizard.
You kill the frilled lizard!
Things that are here:
a +0 short sword; a +0 leather armour; an orc corpse
There is an open door here.
You see here a bat corpse.
There is an open door here.
You see here a bat corpse.
Things that are here:
a +0 short sword; a +0 leather armour; an orc corpse
There is an open door here.
You see here a bat corpse.
You pick up a book of the Senses and begin reading...
You add the spells Dazzling Flash, Agony and Silence to your library.
An orc comes into view. It is wielding a +0 flail.
The orc moves out of view.
Found a scroll labelled BIHA FELOL.
There is a stone staircase leading down here.
You climb downwards.
You hear the sound of rushing water.
There is an entrance to a sewer on this level.
Hurry and find it before the portal rusts away!
Duvessa shouts!
Found a stone staircase leading up and a stone staircase leading down.
There is a stone staircase leading up here.
Dowan, Brother of Duvessa comes into view.
He is wielding a +1 dagger of draining and wearing a +2 robe of resistance.
Dowan shouts!
There is a stone staircase leading up here.
You can't go down here!
You can't go down here!
You climb upwards.
The orc barely misses you. The orc misses you.
There is a stone staircase leading down here.
You hit the orc. You burn the orc.
The orc is almost dead.
The orc hits you with a +0 flail!
You die...

.# .## #.##.....#
..# ?.#.....# ..#
#.#.....# ..#
.......# ..#
#......# .##
#......# ## #
#.o....#
#.####+####@....#
#...............#
####
##.....<........#
)..#
#..............#
...#
#####†####.....#
...# ###)#
#.....# ...#
#...# #######
...# #.#....#
...######'####..#


You could see an orc.

Vanquished Creatures
  An orc (D:3)
  An endoplasm (D:3)
  3 kobolds (D:3)
  A ball python (D:3)
  2 bats (D:3)
  2 frilled lizards (D:3)
  A rat (D:3)
11 creatures vanquished.

Notes
Turn   | Place    | Note
-------+----------+-------------------------------------------
     0 | D:1      | calli0pe the Human Cinder Acolyte began the quest for the
                  | Orb.
     0 | D:1      | Reached XP level 1. HP: 18/18 MP: 2/2
   146 | D:3      | Found a stormy altar of Qazlal.
   216 | D:3      | Reached XP level 2. HP: 9/24 MP: 3/3
   257 | D:3      | HP: 1/24 [orc/+0 short sword (3)]
   282 | D:4      | Noticed Duvessa
   284 | D:4      | Noticed Dowan
   287 | D:3      | Slain by an orc

Illustrated notes

Levels and vault maps discovered:
D:1:      saegor_arrival_fortress, layout_loops_ring,
          chequers_ecumenical_altar_grove, minivault_14, minmay_misc_feat_five
D:2:      minmay_general_purpose_star, layout_loops_ring,
          hangedman_decor_points, dk_vineyard_1, serial_bayou_pond_a,
          minmay_goblin_outpost, uniq_sigmund, uniq_robin
D:3:      layout_basic, amcnicky_altar_gilded, nicolae_qazlal_general_emergency,
          mainiacjoe_overflow_catwalk, dk_noncrumbling_4
D:4:      layout_basic, makhleb_heckhound_becter, gup_sewer_entry_pipe,
          uniq_duvessa, uniq_pikel, uniq_eustachio

Action                   || total
-------------------------++-------
Melee: Falchion          ||    34
       Punch             ||     1
Armor: Robe              ||    12
Dodge: Dodged            ||    29

Table legend: (Time is in decaauts)
 A = Elapsed time spent in this place.
 B = Non-inter-level travel time spent in this place.
 C = Inter-level travel time spent in this place.
 D = Time resting spent in this place.
 E = Time spent auto-exploring this place.
 F = Levels seen in this place.
 G = Mean time per level.
                   A        B        C        D        E       F      G
               +--------+--------+--------+--------+--------+-----+--------+
         Total |    292 |    292 |      0 |      0 |      0 |   4 |   73.0 |
       Dungeon |    292 |    292 |      0 |      0 |      0 |   4 |   73.0 |
               +--------+--------+--------+--------+--------+-----+--------+

Top non-repeatable levels by time:
     D:3: 237 daAuts
     D:1: 44 daAuts
     D:2: 6 daAuts
     D:4: 3 daAuts
